 Dungeon Crawl Stone Soup version 0.22-a0-558-gc224181 (webtiles) character file.

140 Amnesiac the Charlatan (level 5, -7/25 HPs)
             Began as a Spriggan Artificer on June 27, 2018.
             Was an Initiate of Gozag.
             Mangled by a gnoll
             ... wielding a +0 halberd
              (16 damage)
             ... on level 3 of the Dungeon.
             The game lasted 00:09:19 (2417 turns).

Amnesiac the Charlatan (Spriggan Artificer)         Turns: 2417, Time: 00:09:20

Health: -7/25      AC:  2    Str:  9    XL:     5   Next: 2%
Magic:  20/20      EV: 18    Int: 10    God:    Gozag
Gold:   71         SH:  0    Dex: 16    Spells: 4/4 levels left

rFire    . . .     SeeInvis +   a - +0 short sword
rCold    . . .     Gourm    .   (shield restricted)
rNeg     . . .     Faith    .   b - +0 robe
rPois    .         Spirit   .   (helmet restricted)
rElec    .         Reflect  .   (no cloak)
rCorr    .         Harm     .   (gloves unavailable)
MR       .....                  (boots unavailable)
Stlth    ++........             (no amulet)
HPRegen  0.08/turn              k - -3 ring of intelligence (curse)
MPRegen  0.17/turn              m - ring of magical power (curse)

@: gold aura, very quick
A: very small, unfitting armour, see invisible, herbivore, speed 3, slow
metabolism 2
a: Potion Petition, Call Merchant, Bribe Branch, Renounce Religion


You were on level 3 of the Dungeon.
You worshipped Gozag.
Gozag was noncommittal.
You were not hungry.

You visited 2 branches of the dungeon, and saw 5 of its levels.

You collected 131 gold pieces.
You paid 60 gold pieces to Gozag.

Inventory:

Hand Weapons
 a - a +0 short sword (weapon)
Missiles
 n - 26 sling bullets
Armour
 b - a +0 robe (worn)
Jewellery
 k - a cursed -3 ring of intelligence (left hand)
 m - a cursed ring of magical power (right hand)
Wands
 d - a wand of enslavement (11)
 e - a wand of random effects (8)
 j - a wand of iceblast (4)
 p - a wand of paralysis (8)
Scrolls
 g - a scroll of teleportation {!r, unknown}
 h - a scroll of enchant weapon {!r}
 i - a scroll of amnesia {!r}
 l - 3 scrolls of immolation {!r}
 o - a scroll of identify {!r}
Comestibles
 f - 2 rations


   Skills:
 - Level 0.7 Fighting
 - Level 1.1 Short Blades
 - Level 3.0 Dodging
 - Level 1.5 Stealth
 + Level 7.6 Evocations


You had 4 spell levels left.
You didn't know any spells.
Your spell library was empty.

Dungeon Overview and Level Annotations

Branches:
Dungeon (4/15)             Temple (1/1) D:4

Altars:
Ashenzari
Fedhas
Gozag
Kikubaaqudgha
Makhleb
Ru
Trog
Vehumet
Wu Jian
Xom
Zin
The Shining One

Annotations:
D:2 exclusion: 3 doors


Innate Abilities, Weirdness & Mutations

You are very small and have problems with some larger weapons.
You are too small for most types of armour.
You have supernaturally acute eyesight. (SInv)
You are a herbivore.
You cover ground extremely quickly.
You need to consume almost no food.


Message History

The orc is distracted by the nearby gold.
Evoke which item? (* to show all) (? for menu, Esc to quit)
Aiming: Random Effects
Press: ? - help, Shift-Dir - straight line, f/p - jackal
Aim: a jackal (slightly transparent)
The puff of frost hits the jackal.
You kill the jackal!
Evoke which item? (* to show all) (? for menu, Esc to quit)
Aiming: Random Effects
Press: ? - help, Shift-Dir - straight line, f - orc
Aim: an orc, wielding a hand axe The puff of flame hits the orc.
You kill the orc!
Evoke which item? (* to show all) (? for menu, Esc to quit)
Aiming: Random Effects
Press: ? - help, Shift-Dir - straight line, f - orc
Aim: an orc, wielding a trident The fireball explodes!
The fireball engulfs the orc.
You kill the orc!
You start resting.
The goblin is too close now for your liking.
The goblin hits you but does no damage.
You see here 4 gold pieces.
You hit the goblin.
The goblin is severely wounded.
The goblin completely misses you.
You closely miss the goblin.
The goblin is severely wounded.
The goblin hits you with a hunting sling.
* * * LOW HITPOINT WARNING * * *
You closely miss the goblin.
The goblin is severely wounded.
The goblin misses you.
You completely miss the goblin.
The goblin is severely wounded.
The goblin completely misses you.
You closely miss the goblin.
The goblin is severely wounded.
The goblin closely misses you.
Evoke which item? (* to show all) (? for menu, Esc to quit)
That's the wrong kind of item! (Use * to select it.) Evoke which item? (* to show all) (? for menu, Esc to quit)
Okay, then.
Evoke which item? (* to show all) (? for menu, Esc to quit)
Aiming: Iceblast
Press: ? - help, Shift-Dir - straight line, f - goblin
Aim: a goblin, wielding a hunting sling (severely wounded)
The mass of ice explodes!
The iceblast engulfs the goblin.
You kill the goblin!
The iceblast engulfs the gnoll.
You kill the gnoll!
You have reached level 5!
You feel clever.
You now have 71 gold pieces (gained 4).
A gnoll comes into view. It is wielding a halberd.
Items here: $ ( ))) 19 gold pieces; a hunting sling; an uncursed dagger of flaming; 16 stones a trident You start resting.
The gnoll is too close now for your liking.
The gnoll hits you from afar with a halberd!
Ouch! That really hurt!
You die...
Your body crumbles into a pile of gold.

### #.# #.### # #.g.###########
$.. #$#.@...(...hh### #.#####
#.###########o..### #####.#...#
#$# ###...### ......#...# #$#
##h.... ..........###$# #og...
.....)........##############.....
..........##g....................
[......wg...o..##### #######...$.
......[)####.#.#### #(....


You could see a gnoll.

Vanquished Creatures
  A hound (D:4)
  A hound skeleton (D:4)
  A gnoll (D:3)
  2 adders
  A worm (D:3)
  7 orcs
  3 bats
  3 goblins
  5 jackals
  2 frilled lizards (D:4)
  2 rats (D:2)
28 creatures vanquished.

Vanquished Creatures (others)
  A phantom (Temple)
  3 jackals (D:2)
  6 toadstools (D:2)
10 creatures vanquished.

Grand Total: 38 creatures vanquished

Notes
Turn   | Place    | Note
-------+----------+-------------------------------------------
     0 | D:1      | Amnesiac the Spriggan Artificer began the quest for the Orb.
     0 | D:1      | Reached XP level 1. HP: 9/9 MP: 4/4
   536 | D:2      | You fall through a shaft!
   537 | D:3      | Reached XP level 2. HP: 14/14 MP: 6/6
   582 | D:4      | Found a shattered altar of Ashenzari.
   610 | D:4      | Noticed a phantom
   776 | D:4      | Found a staircase to the Ecumenical Temple.
   782 | Temple   | Entered the Ecumenical Temple
  1007 | Temple   | Became a worshipper of Ru the Awakened
  1704 | Temple   | Fell from the grace of Ru
  1704 | Temple   | Became a worshipper of Gozag Ym Sagoz the Greedy
  1705 | Temple   | Reached skill level 5 in Evocations
  1745 | D:4      | Reached XP level 3. HP: 12/17 MP: 8/8
  1745 | D:4      | Reached skill level 6 in Evocations
  2060 | D:4      | Reached XP level 4. HP: 11/21 MP: 9/9
  2328 | Temple   | Killed a phantom
  2328 | Temple   | Reached skill level 7 in Evocations
  2405 | D:3      | Reached XP level 5. HP: 8/25 MP: 11/11
  2417 | D:3      | Mangled by a gnoll

Vault maps used:
D:1:      tarquinn_simple_flora_water_d
D:2:      cheibrodos_fertilizer
D:3:      elyvilon_altar_3, lemuel_zombie_altar_yredelemnul
D:4:      ashenzari_conservatory_becter, minmay_temple_entry_enclosed_plants,
          first_ration, minmay_misc_feat_cross, kennysheep_generic_room_6,
          uniq_ijyb, uniq_sigmund
Temple:   minmay_freezing_vapour_temple

Skill      XL: |  1  2  3  4 |
---------------+-------------+-----
Evocations     | 5 6 7 |  7.6
Fighting       | |  0.7
Short Blades   | |  1.1
Dodging        | |  3.0
Stealth        | |  1.5

Action                   |  1- 3 |  4- 6 || total
-------------------------+-------+-------++-------
Melee: Short sword       |    75 |    10 ||    85
Evoke: Wand              |     9 |    19 ||    28
  Use: Scroll            |     3 |       ||     3
       Potion            |     1 |       ||     1
 Stab: Sleeping          |     3 |       ||     3
Armor: Robe              |    34 |     2 ||    36
Dodge: Dodged            |   197 |    17 ||   214

Table legend:
 A = Spawn XP
 B = Non-spawn XP
 C = Spawn XP percentage of total XP
 D = Spawn monster count
 E = Non-spawn monster count
 F = Spawn count percentage of total count
 G = Total turns spent on level
                    A         B        C        D         E        F      G
               +---------+---------+-------+---------+---------+-------+---------
         Total |       0 |     200 |   0.0 |       0 |      29 |   0.0 |  2417
               +---------+---------+-------+---------+---------+-------+---------
           D:2 |       0 |      13 |   0.0 |       0 |       8 |   0.0 |   904
           D:3 |       0 |      54 |   0.0 |       0 |      12 |   0.0 |   231
           D:4 |       0 |      78 |   0.0 |       0 |       6 |   0.0 |   538
        Temple |       0 |      55 |   0.0 |       0 |       3 |   0.0 |   711
               +---------+---------+-------+---------+---------+-------+---------
